 Dungeon Crawl Stone Soup version 0.18.1-50-g88ac8fd (webtiles) character file.

1396 Ginkk the Skirmisher (level 8, -3/62 HPs)
             Began as a Demonspawn Abyssal Knight on Sept 23, 2016.
             Was a Priest of Lugonu.
             Slain by an orc warrior
             ... wielding a +0 dire flail
              (17 damage)
             ... on level 7 of the Dungeon.
             The game lasted 00:49:04 (7937 turns).

Ginkk the Skirmisher (Demonspawn Abyssal Knight)    Turns: 7937, Time: 00:49:05

Health: -3/62      AC:  8    Str: 13    XL:     8   Next: 41%
Magic:  11/11      EV:  3    Int: 16    God:    Lugonu [***...]
Gold:   291        SH: 13    Dex: 14    Spells: 0 memorised, 7 levels left

rFire  . . .     SeeInvis .     r - +6 hand axe of the Spider Nest {chop, rC+ Dex+4 Stlth-}
rCold  + . .     Gourm    .     t - +0 plate armour
rNeg   . . .     Faith    .     h - +0 large shield
rPois  .         Spirit   .     (no helmet)
rElec  .         Dismiss  .     s - +0 cloak
rCorr  .         Reflect  .     (no gloves)
SustAt +         Harm     .     (no boots)
MR     .....                    (no amulet)
Stlth  ..........               (no ring)
                                w - ring of sustain attributes

@: not resistant to hostile enchantments, extremely unstealthy
A: repulsion field 2, clumsy 1, deformed body, foul stench 1, no device heal 1,
rot immunity
a: Depart the Abyss, Bend Space, Banish, Renounce Religion


You were on level 7 of the Dungeon.
You worshipped Lugonu.
Lugonu was most pleased with you.
You were not hungry.

You visited 2 branches of the dungeon, and saw 8 of its levels.
You visited the Abyss 1 time.

You collected 291 gold pieces.

Inventory:

Hand Weapons
 g - a +0 flail
 i - a +0 quarterstaff
 j - a +0 hunting sling
 k - a +0 giant club
 n - a +0 war axe
 q - a +0 shortbow
 r - the +6 hand axe of the Spider Nest (weapon) {chop, rC+ Dex+4 Stlth-}
   (You found it on level 4 of the Dungeon)

   It inflicts extra damage upon your enemies.
   It affects your dexterity (+4).
   It protects you from cold.
   It makes you less stealthy.
Missiles
 b - 37 bolts
 e - 189 stones (quivered)
 f - 106 arrows
 m - 3 large rocks
 p - 17 sling bullets
Armour
 h - a +0 large shield (worn)
 s - a +0 cloak (worn)
 t - a +0 plate armour (worn)
Jewellery
 w - a ring of sustain attributes (left hand)
Wands
 a - a wand of confusion (26/48)
 o - a wand of random effects (7/48)
Potions
 l - 6 potions of curing
 v - 2 potions of ambrosia
Comestibles
 c - 6 bread rations
 d - 2 beef jerkies


   Skills:
 + Level 5.3 Fighting
 + Level 2.2(3.0) Axes
 + Level 3.1(3.5) Maces & Flails
 + Level 0.5 Throwing
 + Level 5.0 Armour
 + Level 2.3 Dodging
 + Level 1.9 Stealth
 + Level 4.1 Shields
 + Level 4.2 Invocations
 + Level 1.2 Evocations


You had 7 spell levels left.
You didn't know any spells.

Dungeon Overview and Level Annotations

Branches:
Dungeon (7/15)             Temple (1/1) D:6

Altars:
Ashenzari
Cheibriados
Dithmenos
Elyvilon
Gozag
Makhleb
Nemelex Xobeh
Okawaru
Qazlal
Ru
Sif Muna
Trog
Vehumet
Xom
Yredelemnul
Zin
The Shining One


Innate Abilities, Weirdness & Mutations

You are surrounded by a moderate repulsion field (EV +3).
You may emit foul miasma when damaged in melee.
You are immune to rotting.
You are clumsy. (Dex -2)
Armour fits poorly on your strangely shaped body.
Potions and wands are less effective at restoring your health.


Message History

The orc warrior is lightly wounded.
You block the orc warrior's attack.
You hit the orc warrior but do no damage.
The orc warrior is lightly wounded.
The orc warrior hits you with a dire flail!
You closely miss the orc warrior.
The orc warrior is lightly wounded.
The orc warrior hits you with a dire flail!
The orc priest calls upon Beogh to heal the orc warrior.
The orc warrior's wounds heal themselves!
You hit the orc warrior but do no damage.
You block the orc warrior's attack.
The orc warrior hits you with a dire flail!!
* * * LOW HITPOINT WARNING * * *
You emit a cloud of foul miasma!
You hit the orc warrior but do no damage.
The orc warrior is engulfed in dark miasma.
The orc warrior is poisoned.
The orc warrior seems to slow down.
The orc warrior hits you with a dire flail!
You die...

..########
....ooo@.#
..######.#
#.# #.#
#.#######
#.#.#...#
#..#..#.#
##.###...#
#.## ##..#


You could see an orc warrior, an orc priest and an orc.

Vanquished Creatures
  The ghost of Rexou the Shooter, a novice HEAM (D:5)
  An ice beast (D:5)
  A phantom (D:6)
  An ogre (D:6)
  A centaur (D:6)
  A water moccasin zombie (D:5)
  A scorpion (D:4)
  A howler monkey (D:6)
  A crimson imp (D:5)
  3 hounds
  An orc wizard (D:6)
  An orc priest (D:5)
  An iron imp (D:5)
  3 iguanas
  A worker ant (D:4)
  A hound skeleton (D:6)
  A gnoll (D:3)
  A howler monkey skeleton (D:6)
  5 adders
  A white imp (D:6)
  An adder skeleton (D:4)
  2 worms
  2 dart slugs
  2 giant geckos
  6 orcs
  3 ball pythons
  10 bats
  4 giant cockroaches
  2 gnoll zombies (D:6)
  7 goblins
  9 hobgoblins
  4 jackals
  3 quokkas
  A giant gecko skeleton (D:5)
  4 giant newts
  A jackal zombie (D:5)
  8 kobolds
  14 rats
111 creatures vanquished.

Vanquished Creatures (others)
  3 sky beasts
  An ogre (D:6)
4 creatures vanquished.

Grand Total: 115 creatures vanquished

Notes
Turn   | Place    | Note
--------------------------------------------------------------
     0 | Abyss:1  | Ginkk the Demonspawn Abyssal Knight began the quest for the Orb.
     0 | Abyss:1  | Reached XP level 1. HP: 18/18 MP: 2/2
    36 | Abyss:1  | Noticed a chaos spawn
    39 | D:1      | Escaped the Abyss
   596 | D:2      | Gained mutation: You are surrounded by a mild repulsion field (EV +2). [demonic ancestry]
   596 | D:2      | Reached XP level 2. HP: 10/24 MP: 4/4
   597 | D:2      | Reached * piety under Lugonu
   998 | D:2      | Found an opulent altar of Gozag.
  1138 | D:3      | Gained mutation: You are immune to rotting. [demonic ancestry]
  1138 | D:3      | Reached XP level 3. HP: 30/30 MP: 5/5
  1228 | D:3      | Found a bloodstained altar of Trog.
  1254 | D:3      | Reached skill level 1 in Dodging
  1634 | D:1      | Reached XP level 4. HP: 37/37 MP: 6/6
  1864 | D:2      | Reached ** piety under Lugonu
  2274 | D:4      | Gained mutation: You are surrounded by a moderate repulsion field (EV +3). [demonic ancestry]
  2274 | D:4      | Reached XP level 5. HP: 29/43 MP: 7/7
  2563 | D:4      | Gained mutation: Armour fits poorly on your strangely shaped body. [potion of mutation]
  2563 | D:4      | Gained mutation: You are clumsy. (Dex -2) [potion of mutation]
  2563 | D:4      | Gained mutation: Potions and wands are less effective at restoring your health. [potion of mutation]
  2568 | D:5      | Entered Level 5 of the Dungeon
  2693 | D:5      | Noticed Rexou's ghost (novice HEAM)
  2757 | D:4      | Got a slimy hand axe
  2800 | D:4      | Found a glowing golden altar of the Shining One.
  2828 | D:5      | Found a snail-covered altar of Cheibriados.
  3112 | D:5      | Reached skill level 1 in Shields
  3375 | D:5      | Killed Rexou's ghost
  3375 | D:5      | Reached XP level 6. HP: 49/49 MP: 8/8
  3746 | D:6      | Reached XP level 7. HP: 44/55 MP: 9/9
  4166 | D:3      | Found a shimmering altar of Xom.
  4463 | D:4      | Reached skill level 5 in Fighting
  4463 | D:4      | Reached skill level 1 in Axes
  4486 | D:4      | Reached *** piety under Lugonu
  4861 | D:3      | Found a white marble altar of Elyvilon.
  5237 | D:1      | Identified the +6 hand axe of the Spider Nest {chop, rC+ Dex+4 Stlth-} (You found it on level 4 of the Dungeon)
  6391 | D:6      | Reached skill level 1 in Stealth
  6413 | D:5      | Gained mutation: You may emit foul miasma when damaged in melee. [demonic ancestry]
  6413 | D:5      | Reached XP level 8. HP: 53/62 MP: 10/10
  6504 | D:5      | Found an iron altar of Okawaru.
  6857 | D:5      | Found a sparkling altar of Nemelex Xobeh.
  7081 | D:6      | Found a basalt altar of Yredelemnul.
  7279 | D:6      | Reached skill level 1 in Evocations
  7404 | D:6      | Found a staircase to the Ecumenical Temple.
  7416 | Temple   | Entered the Ecumenical Temple
  7854 | D:7      | Found a burning altar of Makhleb.
  7860 | D:7      | Reached skill level 5 in Armour
  7937 | D:7      | Slain by an orc warrior

Skill      XL: |  1  2  3  4  5  6  7  8 |
---------------+-------------------------+-----
Armour         | 2 3 4 5 |  5.0
Fighting       | 4 5 |  5.3
Dodging        | 1 2 |  2.3
Maces & Flails | 2 3 |  3.1
Shields        | 2 3 4 |  4.1
Axes           | 1 2 |  2.2
Stealth        | 1 |  1.9
Invocations    | 3 4 |  4.2
Evocations     | 1 |  1.2
Throwing       | |  0.5

Action                   |  1- 3 |  4- 6 |  7- 9 || total
-------------------------+-------+-------+-------++-------
Melee: Mace              |    49 |       |       ||    49
       Flail             |    57 |   240 |       ||   297
       War axe           |       |    21 |   141 ||   162
       Hand axe          |       |       |    97 ||    97
Throw: Stone             |     1 |    15 |     3 ||    19
Invok: Depart the Abyss  |     1 |       |       ||     1
       Banish            |       |       |     6 ||     6
       Bend Space        |       |       |     1 ||     1
Evoke: Wand              |       |     1 |     9 ||    10
  Use: Potion            |     2 |     3 |     5 ||    10
       Scroll            |     7 |     4 |     9 ||    20
 Stab: Paralysed         |       |       |     5 ||     5
  Eat: Chunk             |     3 |     3 |     7 ||    13
       Meat ration       |       |     2 |       ||     2
       Pizza             |       |       |     2 ||     2
       Beef jerky        |       |       |     2 ||     2
Armor: Leather armour    |    12 |       |       ||    12
       Chain mail        |    38 |   144 |    60 ||   242
       Plate armour      |       |       |    62 ||    62
Dodge: Dodged            |    63 |    46 |    47 ||   156
Block: Large shield      |    10 |   135 |   155 ||   300
